 Dungeon Crawl Stone Soup version 0.25.0-37-gb73750e0fb (webtiles) character file.

Game seed: 525201283977010994

291 Ethylacetat the Poker (level 6, 0/43 HPs)
             Began as an Octopode Gladiator on July 8, 2020.
             Slain by Delamore's ghost (14 damage)
             ... on level 4 of the Dungeon.
             The game lasted 00:05:10 (2960 turns).

Ethylacetat the Poker (Octopode Gladiator)          Turns: 2960, Time: 00:05:11

Health: 0/43       AC:  1    Str: 15    XL:     6   Next: 32%
Magic:  6/6        EV: 14    Int: 17    God:
Gold:   228        SH:  0    Dex: 13    Spells: 5/5 levels left

rFire    . . .     SeeInvis .   a - +0 trident
rCold    . . .     Gourm    .   (no shield)
rNeg     . . .     Faith    .   b - +0 hat
rPois    .         Spirit   .   (no amulet)
rElec    .         Reflect  .   h - +6 ring of intelligence
rCorr    .         Harm     .   (no ring)
MR       .....                  (no ring)
Stlth    ++........             (no ring)
HPRegen  0.14/turn              (no ring)
MPRegen  0.10/turn              (no ring)
                                (no ring)
                                (no ring)

@: no status effects
A: almost no armour, stealthy swim, amphibious, 8 rings, constrict 8, camouflage
1, gelatinous body 1
a: no special abilities


You were on level 4 of the Dungeon.
You were not hungry.

You visited 1 branch of the dungeon, and saw 4 of its levels.

You collected 228 gold pieces.

Inventory:

Hand Weapons
 a - a +0 trident (weapon)
Missiles
 c - 3 throwing nets (quivered)
Armour
 b - a +0 hat (worn)
Jewellery
 h - a +6 ring of intelligence (left tentacle)
Wands
 q - a wand of flame (15)
Scrolls
 e - a scroll of fear {unknown}
 g - a scroll of immolation {unknown}
 i - 3 scrolls of teleportation {unknown}
 k - a scroll of identify {unknown}
 o - a scroll of noise {unknown}
 p - a scroll of amnesia {unknown}
Potions
 f - 2 potions of curing
 l - a potion of heal wounds
 m - 2 potions of brilliance {unknown}
 n - a potion of lignification {unknown}
Comestibles
 d - 6 rations
 j - 7 chunks of flesh


   Skills:
 + Level 4.0 Fighting
 * Level 5.8 Polearms
 - Level 2.0 Throwing
 - Level 3.0 Dodging


You had 5 spell levels left.
You didn't know any spells.
Your spell library was empty.

Dungeon Overview and Level Annotations

Branches:
Dungeon (4/15)
 Temple: D:4-7

Altars:

Annotations:
D:4 1 runed translucent door, Delamore's ghost, amateur GrFi


Innate Abilities, Weirdness & Mutations

You cannot wear most types of armour.
You are very stealthy in the water. (Stealth+)
You are amphibious.
You can wear up to eight rings at the same time.
You can use your tentacles to constrict eight enemies at once.
Your skin changes colour to match your surroundings (Stealth+).
Your rubbery body absorbs attacks. (AC +1, EV +1)


Message History

You are too injured to fight recklessly!
You are too injured to fight recklessly!
You are too injured to fight recklessly!
You hit the bullfrog.
The bullfrog is almost dead.
You constrict the bullfrog.
You kill the bullfrog!
Your Fighting skill increases to level 4!
The ball python barely misses you. The ball python misses you.
You hit the ball python.
You kill the ball python!
You barely miss Delamore's ghost. Delamore's ghost closely misses you.
You barely miss Delamore's ghost. Delamore's ghost barely misses you.
You hit Delamore's ghost but do no damage.
Delamore's ghost closely misses you.
You barely miss Delamore's ghost. Delamore's ghost hits you!
You hit Delamore's ghost.
Delamore's ghost is lightly damaged.
Delamore's ghost hits you!
You die...

#.#.#...#
#≈≈≈#.#.#>#.#
#≈?≈#.#.#.#.#
#≈≈≈# #.#.#.#
#≈≈≈# #.#.#.#
#≈≈≈# #.#.#.#
#≈w≈###...#.#
##W##...###.#
#.@.##......#
##.##...#####
#......#
####...#
#...# #...#
#...# ###.#
.#


You could see a worm and Delamore's ghost.

Vanquished Creatures
  A bullfrog (D:4)
  An orc wizard (D:3)
  A hound skeleton (D:4)
  4 gnolls (D:3)
  3 adders
  3 worms
  2 dart slugs
  3 leopard geckos
  13 orcs (D:3)
  8 giant cockroaches
  8 goblins
  12 hobgoblins
  2 jackals (D:1)
  3 quokkas
  3 ball pythons
  4 bats
  8 frilled lizards
  9 kobolds
  7 rats
95 creatures vanquished.

Notes
Turn   | Place    | Note
-------+----------+-------------------------------------------
     0 | D:1      | Ethylacetat the Octopode Gladiator began the quest for the
                  | Orb.
     0 | D:1      | Reached XP level 1. HP: 14/14 MP: 1/1
   111 | D:1      | Reached XP level 2. HP: 19/19 MP: 2/2
   856 | D:1      | Reached XP level 3. HP: 19/25 MP: 3/3
  1134 | D:2      | Reached skill level 4 in Polearms
  1327 | D:2      | Reached XP level 4. HP: 30/30 MP: 4/4
  1853 | D:3      | Reached XP level 5. HP: 7/36 MP: 5/5
  1856 | D:3      | HP: 1/36 [hobgoblin (2)]
  2177 | D:3      | Reached skill level 5 in Polearms
  2871 | D:4      | Reached XP level 6. HP: 40/43 MP: 6/6
  2915 | D:4      | Found a runed translucent door.
  2941 | D:4      | Found a runed translucent door.
  2942 | D:4      | Noticed Delamore's ghost (amateur GrFi)
  2960 | D:4      | Slain by Delamore's ghost

Illustrated notes

Levels and vault maps discovered:
D:1:      dpeg_arrival_rooms_with_view, layout_basic
D:2:      layout_loops_ring, minmay_crystal_water, minmay_unequal
D:3:      minmay_angry_zag, layout_rooms
D:4:      kennysheep_big_flooded_room, layout_basic, first_ration,
          ebering_ghost_sewer_f, minmay_misc_feat_ornament,
          grunt_decor_one_mirror

Skill      XL: |  1  2  3  4  5  6 |
---------------+-------------------+-----
Polearms       | 4 5 |  5.8
Fighting       | 3 4 |  4.0
Throwing       | |  2.0
Dodging        | |  3.0

Action                   |  1- 3 |  4- 6 || total
-------------------------+-------+-------++-------
Melee: Trident           |    89 |   120 ||   209
       Constrict         |    27 |    25 ||    52
       Tentacles         |    20 |    19 ||    39
  Use: Potion            |       |     2 ||     2
 Stab: Sleeping          |     9 |     4 ||    13
       Distracted        |       |     1 ||     1
  Eat: Chunk             |     1 |     6 ||     7
Armor: Skin              |     3 |     3 ||     6
Dodge: Dodged            |    34 |    54 ||    88
